 Dungeon Crawl Stone Soup version 0.30-a0-782-ge64f9170bb (webtiles) character file.

Game seed: 14574485963198886747

7 HoaS the Slasher (level 1, -7/17 HPs)
             Began as a Demigod Gladiator on Mar 8, 2023.
             Mangled by a goblin
             ... wielding a +4 dagger of electrocution
              (15 damage)
             ... on level 1 of the Dungeon.
             The game lasted 00:01:10 (223 turns).

HoaS the Slasher (Demigod Gladiator)                 Turns: 223, Time: 00:01:11

Health: -7/17      AC:  4    Str: 15    XL:     1   Next: 73%
Magic:  3/3        EV: 12    Int: 10    God:
Gold:   37         SH:  0    Dex: 15    Spells: 0/0 levels left

rFire   . . .      SeeInvis .    a - +0 long sword
rCold   . . .      Faith    .    (no shield)
rNeg    . . .      Spirit   .    b - +0 leather armour
rPois   .          Reflect  .    c - +0 helmet
rElec   .          Harm     .    (no cloak)
rCorr   .          Rampage  .    (no gloves)
Will    .....                    (no boots)
Stlth   +                        (no amulet)
HPRegen 0.22/turn                (no ring)
MPRegen 0.08/turn                (no ring)

@: no status effects
A: high MP 1, forlorn, divine attributes
a: no special abilities


You were on level 1 of the Dungeon.
You visited 1 branch of the dungeon, and saw 1 of its levels.

You collected 37 gold pieces.

Inventory:

Hand Weapons
 a - a +0 long sword (weapon)
Missiles
 d - 3 throwing nets (quivered)
 e - a javelin
Armour
 b - a +0 leather armour (worn)
 c - a +0 helmet (worn)
Scrolls
 f - a scroll of identify {unknown}
 g - a scroll of amnesia {unknown}


   Skills:
 - Level 1.7 Fighting
 + Level 3.2 Long Blades
 - Level 1.7 Throwing
 - Level 2.6 Dodging


You couldn't memorise any spells.
You didn't know any spells.
Your spell library was empty.

Dungeon Overview and Level Annotations

Branches:
Dungeon (1/15)

Annotations:
D:1 2 transporters


Innate Abilities, Weirdness & Mutations

You have an increased reservoir of magic. (+10% MP)
You shall have no god before yourself.
Your divine heritage dramatically boosts your attributes as you level up.


Message History

The rat bites you.
You hit the rat.
You kill the rat!
No target in view!
You now have 37 gold pieces (gained 18).
Found a stone staircase leading down.
An endoplasm comes into view.
Found a long sword.
The endoplasm quivers.
The endoplasm barely misses you.
You hit the endoplasm.
The endoplasm is moderately wounded.
The endoplasm hits you but does no damage.
You slash the endoplasm!
You kill the endoplasm!
You see here a +0 long sword.
A ball python comes into view.
A rat comes into view.
The ball python hisses angrily.
You hit the ball python.
You kill the ball python!
You see here a ball python corpse.
You slash the rat!
You kill the rat!
No target in view!
You enter the shallow water.
Moving in this stuff is going to be slow.
A goblin comes into view.
It is wielding a +4 dagger of electrocution.
The goblin shouts!
A kobold comes into view. It is wielding a +0 dagger.
The goblin hits you with a +4 dagger of electrocution.
You closely miss the goblin.
The kobold shouts!
The goblin closely misses you.
The kobold throws a stone.
The stone closely misses you.
The kobold throws a stone.
The stone barely misses you.
The goblin hits you with a +4 dagger of electrocution.
You are electrocuted!
Ouch! That really hurt!
You die...

....## ##. #......#.
...... ...##........
....... ........##...
....... #...#.##...
.......#########...##...
.... #......# #........
.....##.####.# #......>.
........## #.###........
.......@.# #...........#
.......g.# #####.......#
.........# #.......#
.........# #.......#
..K......# #.......#
.........# ###.#####
#######... #.# ###. ..#


You could see a goblin and a kobold.

Vanquished Creatures
  An endoplasm (D:1)
  A hobgoblin (D:1)
  3 ball pythons (D:1)
  A frilled lizard (D:1)
  3 rats (D:1)
9 creatures vanquished.

Notes
Turn   | Place    | Note
-------+----------+-------------------------------------------
     0 | D:1      | HoaS the Demigod Gladiator began the quest for the Orb.
     0 | D:1      | Reached XP level 1. HP: 17/17 MP: 3/3
    91 | D:1      | Reached skill level 3 in Long Blades
   223 | D:1      | Mangled by a goblin

Illustrated notes

Levels and vault maps discovered:
D:1:      spicycebolla_arrival_transporter_tutorial, layout_basic,
          roderic_lattice_a

Skill      XL: |  1 |
---------------+----+-----
Long Blades    | 3 |  3.2
Fighting       | |  1.7
Throwing       | |  1.7
Dodging        | |  2.6

Action                     || total
---------------------------++-------
  Melee: Long sword        ||    17
 Armour: Leather armour    ||     4
  Dodge: Dodged            ||     9

Table legend: (Time is in decaauts)
 A = Elapsed time spent in this place.
 B = Non-inter-level travel time spent in this place.
 C = Inter-level travel time spent in this place.
 D = Time resting spent in this place.
 E = Time spent auto-exploring this place.
 F = Levels seen in this place.
 G = Mean time per level.
                   A        B        C        D        E       F      G
               +--------+--------+--------+--------+--------+-----+--------+
         Total |    227 |    227 |      0 |      0 |    164 |   1 |  227.0 |
       Dungeon |    227 |    227 |      0 |      0 |    164 |   1 |  227.0 |
               +--------+--------+--------+--------+--------+-----+--------+

Top non-repeatable levels by time:
     D:1: 227 daAuts
